 Dungeon Crawl Stone Soup version 0.29-a0-322-g68df515428 (webtiles) character file.

Game seed: 11315126237639757137

221 bande the Covered (level 5, -7/33 HPs)
             Began as a Gargoyle Fighter on Apr 10, 2022.
             Mangled by dianekeaton's ghost (13 damage)
             ... on level 2 of the Dungeon.
             The game lasted 00:04:56 (3176 turns).

bande the Covered (Gargoyle Fighter)                Turns: 3176, Time: 00:04:56

Health: -7/33      AC: 12    Str: 19    XL:     5   Next: 98%
Magic:  5/5        EV:  9    Int:  9    God:
Gold:   153        SH:  4    Dex:  9    Spells: 4/4 levels left

rFire   . . .      SeeInvis .   a - +0 war axe
rCold   . . .      Faith    .   c - +0 buckler
rNeg    + . .      Spirit   .   b - +0 scale mail
rPois   ∞          Reflect  .   i - +0 helmet
rElec   +          Harm     .   (no cloak)
rCorr   +          Rampage  .   (no gloves)
Will    +....                   (no boots)
Stlth   ..........              (no amulet)
HPRegen 0.11/turn               f - ring of resist corrosion
MPRegen 0.09/turn               (no ring)

@: no status effects
A: sickness immunity, AC +4, negative energy resistance 1, electricity
resistance, torment resistance 1, petrification resistance, clumsy 1,
strong-willed 1
a: no special abilities


You were on level 2 of the Dungeon.
You visited 1 branch of the dungeon, and saw 3 of its levels.

You collected 153 gold pieces.

Inventory:

Hand Weapons
 a - a +0 war axe (weapon)
 g - a +0 flail
Armour
 b - a +0 scale mail (worn)
 c - a +0 buckler (worn)
 i - a +0 helmet (worn)
Jewellery
 f - a ring of resist corrosion (left hand)
Scrolls
 d - a scroll of magic mapping {unknown}
Potions
 h - a potion of resistance
 k - a potion of heal wounds
 n - a potion of curing


   Skills:
 + Level 4.2 Fighting
 + Level 3.9 Axes
 + Level 4.4 Armour
 + Level 3.8 Shields


You had 4 spell levels left.
You didn't know any spells.
Your spell library contained the following spells:

 Spells                   Type           Power      Damage    Failure   Level
 Summon Small Mammal      Summ           0%         N/A       83%         1
 Wereblood                Tmut           0%         N/A       93%         2
 Call Canine Familiar     Summ           0%         N/A       99%         3
 Summon Guardian Golem    Hex/Summ       0%         N/A       99%         3
 Summon Hydra             Summ           0%         N/A       100%        7
 Sublimation of Blood     Necr           Unusable   N/A       N/A         2

Dungeon Overview and Level Annotations

Branches:
Dungeon (3/15)

Altars:
Gozag

Annotations:
D:2 dianekeaton's ghost, amateur HOFi


Innate Abilities, Weirdness & Mutations

You are immune to sickness and miasma.
Your stone body is resilient. (AC +4)
You are immune to poison.
You resist negative energy. (rN+)
You are resistant to electric shocks. (rElec)
You are resistant to unholy torment.
You are immune to petrification.
You are clumsy. (Dex -2)
You are strong-willed. (Will+)


Message History

No target in view!
No target in view!
No target in view!
No target in view!
You start resting.
HP restored.
You start waiting.
Done waiting.
You climb downwards.
Level annotation: dianekeaton's ghost, amateur HOFi Dianekeaton's ghost hits you!
You block the rat's attack.
There is a stone staircase leading up here.
Dianekeaton's ghost hits you but does no damage.
The rat bites you but does no damage.
You climb upwards.
There is a stone staircase leading down here.
Unknown command.
You barely miss dianekeaton's ghost. You closely miss the rat.
Dianekeaton's ghost barely misses you. The rat bites you but does no damage.
Dianekeaton's ghost hits you but does no damage.
The rat bites you but does no damage.
You slash dianekeaton's ghost!
Dianekeaton's ghost is lightly damaged.
You slash the rat!
You kill the rat!
Dianekeaton's ghost hits you but does no damage.
Unknown command.
You closely miss dianekeaton's ghost.
Dianekeaton's ghost is lightly damaged.
Dianekeaton's ghost barely misses you.
Unknown command.
You hit dianekeaton's ghost.
Dianekeaton's ghost is moderately damaged.
Dianekeaton's ghost hits you! x2
* * * LOW HITPOINT WARNING * * *
You hit dianekeaton's ghost but do no damage.
Dianekeaton's ghost is moderately damaged.
Dianekeaton's ghost screams, "Don't try to defend!
You have no chance!"
Dianekeaton's ghost hits you!
You die...

......### ##.##.#
###.....# #.)#.#
#####.######.#.#
#...........#
#.########..#
######.#.........#
....#............#
###.#....######†W#
#.#.......<...@#
#.#....#.###.######
#.##..............#
#........#..#####.#
######.###..#####.####
#.# ##..........#
####.# ############
#....# ###.####


You could see dianekeaton's ghost.

Vanquished Creatures
  An ogre (D:3)
  3 gnolls (D:3)
  3 adders
  A shadow imp (D:3)
  3 dart slugs
  6 bats
  6 endoplasms
  2 giant cockroaches (D:1)
  2 goblins
  10 hobgoblins
  3 jackals (D:2)
  2 quokkas (D:1)
  8 ball pythons
  3 frilled lizards (D:1)
  2 kobolds (D:1)
  9 rats
64 creatures vanquished.

Vanquished Creatures (others)
  A fungus (D:1)
  A plant (D:1)
2 creatures vanquished.

Grand Total: 66 creatures vanquished

Notes
Turn   | Place    | Note
-------+----------+-------------------------------------------
     0 | D:1      | bande the Gargoyle Fighter began the quest for the Orb.
     0 | D:1      | Reached XP level 1. HP: 14/14 MP: 1/1
    36 | D:1      | Reached XP level 2. HP: 17/19 MP: 2/2
   294 | D:1      | Found a faded altar of an unknown god.
   449 | D:1      | Reached XP level 3. HP: 24/24 MP: 3/3
  1119 | D:2      | Reached XP level 4. HP: 26/29 MP: 4/4
  1779 | D:3      | Gained mutation: You are clumsy. (Dex -2) [potion of
                  | mutation]
  1779 | D:3      | Gained mutation: You are strong-willed. (Will+) [potion of
                  | mutation]
  1808 | D:3      | Noticed an ogre
  1813 | D:3      | Killed an ogre
  1814 | D:3      | Reached XP level 5. HP: 17/33 MP: 5/5
  2123 | D:3      | Found an opulent altar of Gozag.
  2615 | D:3      | Noticed dianekeaton's ghost (amateur HOFi)
  2616 | D:3      | Found a runed translucent gate.
  2617 | D:3      | Found a runed translucent gate.
  2618 | D:3      | Found a runed translucent gate.
  3176 | D:2      | Mangled by dianekeaton's ghost

Illustrated notes

Levels and vault maps discovered:
D:1:      dpeg_arrival_round_c, layout_loops_corners,
          dreamdust_ecumenical_altar_grove, st_stairs_13,
          chequers_serial_rivers_small_b, minmay_heptomino_o4
D:2:      minmay_evil_eye, layout_basic
D:3:      layout_loops_ring, nicolae_gozag_seed_capital, gammafunk_ghost_split,
          minivault_27, nicolae_underground_beach

Skill      XL: |  1  2  3  4 |
---------------+-------------+-----
Axes           | 2 3 |  3.9
Fighting       | 4 |  4.2
Armour         | 4 |  4.4
Shields        | |  3.8

Action                   |  1- 3 |  4- 6 || total
-------------------------+-------+-------++-------
Melee: War axe           |    80 |    81 ||   161
  Use: Scroll            |     2 |     8 ||    10
       Potion            |       |     2 ||     2
Armor: Scale mail        |    38 |    52 ||    90
Dodge: Dodged            |    41 |    39 ||    80
Block: Buckler           |    24 |    21 ||    45

Table legend: (Time is in decaauts)
 A = Elapsed time spent in this place.
 B = Non-inter-level travel time spent in this place.
 C = Inter-level travel time spent in this place.
 D = Time resting spent in this place.
 E = Time spent auto-exploring this place.
 F = Levels seen in this place.
 G = Mean time per level.
                   A        B        C        D        E       F      G
               +--------+--------+--------+--------+--------+-----+--------+
         Total |   3243 |   3243 |      0 |    633 |   2010 |   3 | 1081.0 |
       Dungeon |   3243 |   3243 |      0 |    633 |   2010 |   3 | 1081.0 |
               +--------+--------+--------+--------+--------+-----+--------+

Top non-repeatable levels by time:
     D:3: 1308 daAuts
     D:1: 1015 daAuts
     D:2: 919 daAuts
